 Dungeon Crawl Stone Soup version 0.31-a0-523-g071a6c1ffa (webtiles) character file.

Game seed: 13208531432833545073

735 arthad the Trooper (level 7, -11/57 HPs)
             Began as a Vine Stalker Berserker on Aug 11, 2023.
             Was a Believer of Trog.
             Mangled by Duvessa
             ... wielding a +0 short sword
              (13 damage)
             ... on level 4 of the Dungeon.
             The game lasted 00:06:31 (2630 turns).

arthad the Trooper (Vine Stalker Berserker)         Turns: 2630, Time: 00:06:32

Health: -11/57     AC:  5    Str: 22    XL:     7   Next: 74%
Magic:  0/8        EV: 13    Int:  7    God:    Trog [**....]
Gold:   244        SH:  0    Dex: 13    Spells: 6/6 levels left

rFire   . . .        h - +2 spear (flame)
rCold   . . .        (no shield)
rNeg    + . .        C - +2 leather armour {rN+}
rPois   .            (no helmet)
rElec   .            (no cloak)
rCorr   .            (no gloves)
SInv    .            (no boots)
Will    +++..        (no amulet) Stlth
                     g - ring of flight
HPRegen 2.09/turn    q - ring of willpower
MPRegen 0.11/turn

%: guardian spirit
@: berserking, strong-willed, flying, regenerating, very quick
A: fangs 2, regeneration 1, magic shield, antimagic bite, no potion heal 2
a: Renounce Religion, Berserk, Trog's Hand


You were on level 4 of the Dungeon.
You worshipped Trog.
Trog was pleased with you.
You visited 1 branch of the dungeon, and saw 4 of its levels.

You collected 244 gold pieces.

Inventory:

Hand Weapons
 a - a +0 hand axe
 h - a +2 spear of flaming (weapon)
 u - a +0 war axe
 A - a +0 short sword of electrocution
Missiles
 s - 9 poisoned darts
Armour
 b - a +0 animal skin
 C - a +2 leather armour of positive energy (worn)
Jewellery
 g - a ring of flight (left hand)
 j - a ring of fire
 q - a ring of willpower (right hand)
Wands
 p - a wand of polymorph (10)
 t - a wand of flame (8)
 w - a wand of light (4)
Scrolls
 c - 2 scrolls of poison
 k - 2 scrolls of teleportation
 l - a scroll of enchant armour
 v - a scroll of identify
 x - a scroll of fear {unknown}
 y - a scroll of fog {unknown}
 z - 3 scrolls of vulnerability {unknown}
Potions
 d - a potion of attraction {unknown}
 e - a potion of degeneration {unknown}
 f - 3 potions of brilliance {unknown}
 i - 2 potions of heal wounds {unknown}
 m - a potion of invisibility {unknown}
 n - 2 potions of berserk rage {unknown}
 o - 2 potions of enlightenment {unknown}
 r - 2 potions of mutation {unknown}
 B - 2 potions of curing {unknown}


   Skills:
 + Level 4.6 Fighting
 + Level 4.6 Axes
 + Level 3.6 Armour
 + Level 3.7 Dodging


You had 6 spell levels left.
You didn't know any spells.
Your spell library was empty.

Dungeon Overview and Level Annotations

Branches:
Dungeon (4/15)
 Temple: D:4-7

Altars:
Makhleb
Uskayaw
Wu Jian
The Shining One

Shops:
D:1 :   D:3 [

Annotations:
D:4 2 runed translucent doors, Duvessa; Heh's ghost, amateur OpSh


Innate Abilities, Weirdness & Mutations

You have extremely sharp teeth.
Your natural rate of healing is unusually fast.
When hurt, damage is shared between your health and your magic reserves.
Your bite disrupts and absorbs the magic of your enemies.
Potions cannot restore your health.


Message History

Dowan is severely wounded.
Duvessa hits you with a +0 short sword! Dowan hits you with a +0 dagger.
You barely miss Dowan.
Dowan is severely wounded.
Duvessa closely misses you. Dowan hits you but does no damage.
You hit Dowan. You burn Dowan. You bite Dowan.
You kill Dowan!
Trog accepts your kill.
Trog appreciates your killing of a magic user.
Duvessa screams, "No!
How DARE you!"
Duvessa goes berserk!
Duvessa hits you with a +0 short sword!
You are too injured to fight recklessly!
You are too injured to fight recklessly!
You are too injured to fight recklessly!
You are too injured to fight recklessly!
You are too injured to fight recklessly!
You are too injured to fight recklessly!
You are too injured to fight recklessly!
You are too injured to fight recklessly!
You are too injured to fight recklessly!
You are too injured to fight recklessly!
Your skin crawls.
You feel strong-willed.
Duvessa hits you with a +0 short sword! x2
* * * LOW HITPOINT WARNING * * *
A red film seems to cover your vision as you go berserk!
You feel yourself moving faster!
You feel mighty! Duvessa hits you with a +0 short sword!
* * * LOW HITPOINT WARNING * * *
You puncture Duvessa! You burn Duvessa.
Duvessa is lightly wounded.
Duvessa completely misses you.
You puncture Duvessa! You burn Duvessa. You bite Duvessa, but do no damage.
Duvessa is heavily wounded.
Duvessa hits you with a +0 short sword!
* * * LOW HITPOINT WARNING * * *
You barely miss Duvessa. You bite Duvessa, but do no damage.
Duvessa is heavily wounded.
Duvessa hits you with a +0 short sword!
You die...

...........# ..
#.#....
########.###
#.####.#####.#####
.# ...
.............. #
#.# #.######.#####
##.## # #.#### #
#...##.# #....#
####.###....>.#
####.#
#..<..........###
#.#
#.#####.#@).....#
####.##
#.#.e.....#
#......
#.#.......#
#..#.#.
#.#.......#
##.#..#.
#.#####.#.......#
#.....#.
#.......#.......#
##...##)
#####.###.......#
#..###. #.#
######### #......
#.# ##.####


You could see Duvessa (berserk).

Vanquished Creatures
  Sigmund (D:3)
  Edmund (D:4)
  A scorpion (D:4)
  Dowan (D:4)
  2 orc priests (D:3)
  Natasha (thrice) (D:2)
  A sleepcap (D:4)
  Ijyb (D:3)
  3 gnolls (D:3)
  4 adders
  A worm (D:2)
  A dart slug (D:4)
  10 orcs
  6 ball pythons
  9 endoplasms
  5 giant cockroaches
  7 goblins
  4 hobgoblins
  2 jackals (D:2)
  9 kobolds
  4 quokkas
  5 bats
  4 frilled lizards (D:1)
  6 rats
91 creatures vanquished.

Notes
Turn   | Place    | Note
-------+----------+-------------------------------------------
     0 | D:1      | arthad the Vine Stalker Berserker began the quest for the
                  | Orb.
     0 | D:1      | Reached XP level 1. HP: 11/11 MP: 2/2
   146 | D:1      | Reached XP level 2. HP: 16/16 MP: 3/3
   421 | D:1      | Reached XP level 3. HP: 20/20 MP: 4/4
   423 | D:1      | Found Ikac's Book Shoppe.
   641 | D:2      | Reached ** piety under Trog
   774 | D:2      | Noticed Natasha
   781 | D:2      | Killed Natasha
   782 | D:2      | Gained mutation: Your natural rate of healing is unusually
                  | fast. [Vine Stalker growth]
   782 | D:2      | Reached XP level 4. HP: 13/24 MP: 1/5
   858 | D:2      | Noticed Natasha
   868 | D:2      | Killed Natasha
   981 | D:2      | Found a glowing golden altar of the Shining One.
  1012 | D:2      | Noticed Natasha
  1021 | D:2      | Killed Natasha
  1022 | D:2      | Reached XP level 5. HP: 23/28 MP: 2/6
  1225 | D:3      | Found a faded altar of an unknown god.
  1327 | D:3      | Noticed Sigmund
  1340 | D:3      | Killed Sigmund
  1341 | D:3      | Reached XP level 6. HP: 15/33 MP: 4/7
  1394 | D:3      | HP: 1/49 [orc priest/divine providence (8)]
  1492 | D:3      | Found a glowing golden altar of the Shining One.
  1492 | D:3      | Found a hide-covered altar of Uskayaw.
  1545 | D:3      | Noticed Ijyb
  1559 | D:3      | Killed Ijyb
  1811 | D:3      | Found an ornate altar of the Wu Jian Council.
  1858 | D:3      | Reached XP level 7. HP: 37/37 MP: 8/8
  1872 | D:3      | Found Titoafeo's Antique Armour Boutique.
  2120 | D:4      | Noticed Edmund
  2137 | D:4      | Killed Edmund
  2218 | D:4      | Found a runed translucent door.
  2221 | D:4      | Noticed Heh's ghost (amateur OpSh)
  2308 | D:4      | Found a runed translucent door.
  2442 | D:4      | Found a burning altar of Makhleb.
  2617 | D:4      | Noticed Dowan
  2617 | D:4      | Noticed Duvessa
  2625 | D:4      | Killed Dowan
  2629 | D:4      | HP: 1/57 [Duvessa/+0 short sword (6)]
  2630 | D:4      | Mangled by Duvessa

Illustrated notes

Levels and vault maps discovered:
D:1:      dpeg_arrival_rooms_with_view, layout_loops_ring, serial_shops,
          nicolae_shop_gibbet_a_chance, chequers_serial_rivers_small_3,
          chequers_jeans
D:2:      layout_rooms, basic_altar, serial_curves, eino_curves_04,
          eino_curves_02, uniq_natasha
D:3:      cheibrodos_pilgrimage, layout_basic, nzn_wu_jian_council_hall,
          gammafunk_temple_overflow_elements, serial_shops,
          nicolae_shop_back_alley_shop, chequers_ecumenical_altar_simple_redux,
          serial_bayou_pond_d, minmay_statues_item,
          chequers_serial_rivers_room_b, kennysheep_generic_room_9, uniq_ijyb,
          uniq_sigmund
D:4:      layout_loops_cross, bloody_makhleb, ebering_ghost_sewer_f,
          chequers_serial_rivers_micro_c, minmay_misc_feat_doors, uniq_duvessa,
          uniq_edmund

Skill      XL: |  1  2  3  4  5  6 |
---------------+-------------------+-----
Fighting       | 3 4 |  4.6
Axes           | 3 4 |  4.6
Dodging        | 2 3 |  3.7
Armour         | 2 3 |  3.6

Action                     |  1- 3 |  4- 6 |  7- 9 || total
---------------------------+-------+-------+-------++-------
  Melee: Hand axe          |    17 |       |       ||    17
         Bite              |    13 |    12 |    19 ||    44
         Spear             |    50 |    97 |    60 ||   207
         Punch             |       |     2 |       ||     2
 Invoke: Trog's Hand       |     1 |     4 |     2 ||     7
         Berserk           |       |     4 |     2 ||     6
    Use: Scroll            |       |     3 |       ||     3
   Stab: Sleeping          |     2 |     3 |     3 ||     8
 Armour: Animal skin       |     8 |     7 |     1 ||    16
         Leather armour    |       |       |     1 ||     1
  Dodge: Dodged            |    29 |    40 |     8 ||    77

Table legend: (Time is in decaauts)
 A = Elapsed time spent in this place.
 B = Non-inter-level travel time spent in this place.
 C = Inter-level travel time spent in this place.
 D = Time resting spent in this place.
 E = Time spent auto-exploring this place.
 F = Levels seen in this place.
 G = Mean time per level.
                   A        B        C        D        E       F      G
               +--------+--------+--------+--------+--------+-----+--------+
         Total |   2690 |   2589 |    101 |     40 |   1967 |   4 |  672.5 |
       Dungeon |   2690 |   2589 |    101 |     40 |   1967 |   4 |  672.5 |
               +--------+--------+--------+--------+--------+-----+--------+

Top non-repeatable levels by time:
     D:3: 889 daAuts
     D:1: 643 daAuts
     D:2: 588 daAuts
     D:4: 568 daAuts
